 Dungeon Crawl Stone Soup version 0.31.0-11-ge490571c62 (webtiles) character file.

Game seed: 10512896021406556791

83 SnakkuSnakku7 the Trooper (level 4, -7/35 HPs)
             Began as a Mummy Alchemist on Jan 27, 2024.
             Mangled by Crazy Yiuf
             ... wielding a +3 quarterstaff of chaos
              (16 damage)
             ... on level 2 of the Dungeon.
             The game lasted 00:02:30 (1936 turns).

SnakkuSnakku7 the Trooper (Mummy Alchemist)         Turns: 1936, Time: 00:02:31

Health: -7/35      AC:  3    Str: 13    XL:     4   Next: 22%
Magic:  8/8        EV: 17    Int: 14    God:
Gold:   28         SH:  0    Dex: 12    Spells: 7/8 levels left

rFire   x . .        a - +0 war axe
rCold   + . .        (no shield)
rNeg    + + +        k - +0 robe
rPois   ∞            i - +0 helmet
rElec   .            (no cloak)
rCorr   .            (no gloves)
SInv    .            (no boots)
Will    .....        (no amulet)
Stlth   ++           b - +5 ring of evasion
HPRegen 0.25/turn    (no ring)
MPRegen 0.11/turn

%: faith
@: no status effects
A: cold resistance 1, negative energy resistance 3, torment resistance 2, heat
vulnerability 1, in touch with death 1, no potions, faith
a: no special abilities


You were on level 2 of the Dungeon.
You visited 1 branch of the dungeon, and saw 2 of its levels.

You collected 53 gold pieces.
You spent 25 gold pieces at shops.

Inventory:

Hand Weapons
 a - a +0 war axe (weapon)
 c - a +0 whip
Armour
 i - a +0 helmet (worn)
 k - a +0 robe (worn)
Jewellery
 b - a +5 ring of evasion (left hand)
Scrolls
 d - a scroll of enchant weapon {unknown}
 e - 3 scrolls of identify {unknown}
 f - a scroll of amnesia {unknown}
 g - 2 scrolls of blinking {unknown}
 h - a scroll of acquirement {unknown}
 j - 2 scrolls of teleportation {unknown}
 l - a scroll of noise {unknown}


   Skills:
 - Level 3.3 Fighting
 + Level 1.3 Axes
 - Level 1.5 Dodging
 - Level 1.5 Stealth
 - Level 2.6 Spellcasting
 - Level 0.7 Conjurations
 - Level 2.4 Alchemy


You had 7 spell levels left.
You knew the following spells:

 Your Spells              Type           Power      Damage    Failure   Level
a - Sting                 Conj/Alch      24%        1d4       12%         1

Your spell library contained the following spells:

 Spells                   Type           Power      Damage    Failure   Level
 Mercury Vapours          Alch/Air       10%        N/A       21%         2
 Apportation              Tloc           2%         N/A       22%         1
 Necrotise                Necr           8%         1d4       22%         1
 Summon Small Mammal      Summ           4%         N/A       22%         1
 Mephitic Cloud           Conj/Alch/Air  4%         N/A       41%         3
 Olgreb's Toxic Radiance  Alch           8%         N/A       63%         4
 Sticky Flame             Fire/Alch      5%         2d4       80%         4


Dungeon Overview and Level Annotations

Branches:
Dungeon (2/15)

Altars:
Xom

Shops:
D:1 *

Annotations:
D:2 Crazy Yiuf


Innate Abilities, Weirdness & Mutations

You are immune to poison.
Your flesh is cold resistant. (rC+)
You are immune to negative energy. (rN+++)
You are immune to unholy pain and torment.
You are vulnerable to heat. (rF-)
You are in touch with the powers of death.
You do not drink.
You have a special connection with the divine. (Faith)


Message History

You completely miss the giant cockroach.
The giant cockroach completely misses you.
The giant cockroach barely misses you.
You slash the giant cockroach!
You kill the giant cockroach!
There is a stone staircase leading down here.
The helpless dart slug fails to defend itself.
You hit the dart slug.
The dart slug is lightly wounded.
The dart slug misses you. The dart slug launches a dart at you.
The slug dart hits you.
You hit the dart slug.
The dart slug is heavily wounded.
The dart slug launches a dart at you. The slug dart misses you.
You slash the dart slug!
You kill the dart slug!
There is a stone staircase leading down here.
Things that are here:
a +0 short sword; 2 stones You see here a +0 dagger.
You see here a +0 dagger.
You see here a +0 leather armour.
You see here a +0 leather armour.
Key pressed, stopping explore.
You see here a +0 hammer.
Crazy Yiuf shouts!
Crazy Yiuf yells, "Cod sanguine light!"
Could not explore, unopened runed door.
You open the door. You hit Crazy Yiuf.
Crazy Yiuf is lightly wounded.
Crazy Yiuf hits you with a +3 quarterstaff of chaos!
You closely miss Crazy Yiuf.
Crazy Yiuf is lightly wounded.
Crazy Yiuf hits you with a +3 quarterstaff of chaos!
* * * LOW HITPOINT WARNING * * *
You convulse!
You die...

##.....#.# #.#.#
####.##.# #.#.#
#....# #.#.#
###### #####
######## ♣♣♣♣♣###
#......# ###
♣♣♣.♣.)#.##
#.######
#...#♣..♣...)))##
#.#
#...g@♣♣♣♣......#
#.# #)..#♣♣
♣♣.#)..# #.# ###
♣♣###.# ###.# #.#
....# ##.# #####
### #..# #.# ##.#
#.# #.# #.# #.#


You could see Crazy Yiuf.

Vanquished Creatures
  Robin (D:1)
  An adder (D:2)
  A dart slug (D:2)
  2 ribbon worms (D:2)
  4 endoplasms
  4 giant cockroaches
  12 goblins
  3 hobgoblins
  8 jackals
  A quokka (D:1)
  3 ball pythons
  2 bats
  5 kobolds
47 creatures vanquished.

Notes
Turn   | Place    | Note
-------+----------+-------------------------------------------
     0 | D:1      | SnakkuSnakku7 the Mummy Alchemist began the quest for the
                  | Orb.
     0 | D:1      | Reached XP level 1. HP: 13/13 MP: 4/4
   212 | D:1      | Found Evicryneish's Assorted Antiques.
   218 | D:1      | Reached skill level 1 in Fighting
   224 | D:1      | Bought a scroll labelled MUBUTE HOWINOL for 25 gold pieces
   339 | D:1      | Reached XP level 2. HP: 12/22 MP: 5/5
   621 | D:2      | Noticed Robin
   636 | D:2      | Reached skill level 2 in Fighting
   771 | D:1      | Killed Robin
   772 | D:1      | Reached XP level 3. HP: 27/28 MP: 7/7
   804 | D:2      | Reached skill level 3 in Fighting
   941 | D:2      | Found a shimmering altar of Xom.
  1351 | D:2      | Reached skill level 1 in Axes
  1351 | D:2      | Reached XP level 4. HP: 34/35 MP: 8/8
  1403 | D:2      | Found a runed translucent door.
  1404 | D:2      | Noticed Crazy Yiuf
  1637 | D:2      | Found a faded altar of an unknown god.
  1936 | D:2      | Mangled by Crazy Yiuf

Illustrated notes

Levels and vault maps discovered:
D:1:      scummos_arrival_forest, layout_loops_cross, serial_shops,
          nicolae_diamond_shop, grunt_decor_clamped
D:2:      layout_loops_ring, shapermc_ecumenical_altar_mp_vishouse, basic_altar,
          serial_bayou_pond_a, grunt_ministairs_11, uniq_robin,
          uniq_crazy_yiuf_cottage

Skill      XL: |  1  2  3 |
---------------+----------+-----
Fighting       | 1 2 3 |  3.3
Axes           | 1 |  1.3
Dodging        | |  1.5
Stealth        | |  1.5
Spellcasting   | |  2.6
Conjurations   | |  0.7
Alchemy        | |  2.4

Action                     |  1- 3 |  4- 6 || total
---------------------------+-------+-------++-------
  Melee: Whip              |   155 |       ||   155
         Unarmed           |     3 |       ||     3
         Punch             |     1 |       ||     1
         War axe           |    29 |    37 ||    66
   Cast: Sting             |     2 |       ||     2
   Stab: Sleeping          |     2 |     1 ||     3
 Armour: Robe              |   123 |    17 ||   140
  Dodge: Dodged            |   142 |    37 ||   179
